 Dungeon Crawl Stone Soup version bcrawl-1.15.1 (webtiles) character file.

Game seed: 4989479958637202202

94 Roikka the Distorting Demonspawn (level 4, 0/36 HPs)
             Began as a Demonspawn Abyssal Knight on Sept 29, 2019.
             Was a Believer of Lugonu.
             Slain by a bullfrog (8 damage)
             ... on level 3 of the Dungeon.
             The game lasted 00:09:19 (2913 turns).

Roikka the Distorting Demonspawn (DsAK)             Turns: 2913, Time: 00:09:21

Health: 0/36       AC:  5    Str: 13    XL:     4   Next: 38%
Magic:  6/6        EV: 10    Int: 14    God:    Lugonu [**....]
Gold:   213        SH:  0    Dex: 12    Spells: 3/3 levels left

rFire    . . .     SeeInvis +   n - +0 whip (pain)
rCold    . . .     Gourm    .   (no shield)
rNeg     . . .     Faith    .   l - +0 ring mail
rPois    .         Spirit   .   (no helmet)
rElec    .         Reflect  .   (no cloak)
rCorr    .         Harm     .   (no gloves)
MR       .....                  (no boots)
Stlth    +.........             b - amulet of rage
HPRegen  0.12/turn              j - ring of see invisible
MPRegen  0.10/turn              (no ring)

@: no status effects
A: powered by pain 1
a: Depart the Abyss, Bend Space, Renounce Religion, Evoke Berserk Rage


You were on level 3 of the Dungeon.
You worshipped Lugonu.
Lugonu was pleased with you.
You were not hungry.

You visited 1 branch of the dungeon, and saw 3 of its levels.
You visited the Abyss 1 time.

You collected 213 gold pieces.

Inventory:

Hand Weapons
 a - a +1 mace
 n - a +0 whip of pain (weapon)
Missiles
 q - 161 poisoned needles (quivered)
Armour
 l - a +0 ring mail (worn)
Jewellery
 b - an amulet of rage (around neck)
 j - a ring of see invisible (left hand)
Scrolls
 e - a scroll of identify
 i - a scroll of blinking {unknown}
 k - 3 scrolls of remove curse {unknown}
 m - a scroll of amnesia {unknown}
 p - a scroll of noise {unknown}
Potions
 d - 2 potions of curing {unknown}
 g - a potion of heal wounds {unknown}
 h - a potion of might {unknown}
Comestibles
 c - 3 rations {!d}
 o - 4 chunks of flesh


   Skills:
 + Level 3.6 Fighting
 * Level 3.2 Maces & Flails
 - Level 1.7 Armour
 - Level 0.8 Dodging
 + Level 3.8 Invocations


You had 3 spell levels left.
You didn't know any spells.
Your spell library was empty.

Dungeon Overview and Level Annotations

Branches:
Dungeon (3/12)

Altars:


Innate Abilities, Weirdness & Mutations

You sometimes gain a little power by taking damage.


Message History

Tossing away (i - inventory)
q - 164 poisoned needles (quivered)
Press: ? - help, Shift-Dir - straight line, f/p - bullfrog
Aim: a bullfrog You toss away a poisoned needle.
The poisoned needle closely misses the bullfrog.
The bullfrog hits you! The bullfrog misses you.
Tossing away (i - inventory)
q - 163 poisoned needles (quivered)
Press: ? - help, Shift-Dir - straight line, f/p - bullfrog
Aim: a bullfrog You toss away a poisoned needle.
The poisoned needle hits the bullfrog.
The bullfrog barely misses you. x2
Tossing away (i - inventory)
q - 162 poisoned needles (quivered)
Press: ? - help, Shift-Dir - straight line, f/p - bullfrog
Aim: a bullfrog You toss away a poisoned needle.
The poisoned needle barely misses the bullfrog.
The bullfrog hits you!
* * * LOW HITPOINT WARNING * * *
The bullfrog barely misses you. The bullfrog hits you!
You die...

...
#.#
#.#
...
#.#
#.#
#.#
#@#
#F#
#.#
#..
###
####
#...
#.>#
#..#


You could see a bullfrog.

Vanquished Creatures
  3 gnolls
  2 worms (D:2)
  3 dart slugs
  5 leopard geckos
  2 giant cockroaches (D:2)
  2 goblins (D:1)
  6 hobgoblins
  6 jackals
  4 kobolds
  2 quokkas (D:2)
  3 bats
  4 frilled lizards
  4 rats
46 creatures vanquished.

Notes
Turn   | Place    | Note
-------+----------+-------------------------------------------
     0 | Abyss:1  | Roikka the Demonspawn Abyssal Knight began the quest for
                  | the Orb.
     0 | Abyss:1  | Reached XP level 1. HP: 18/18 MP: 2/2
    22 | D:1      | Escaped the Abyss
   370 | D:1      | Gained mutation: You sometimes gain a little power by
                  | taking damage. [demonic ancestry]
   370 | D:1      | Reached XP level 2. HP: 21/24 MP: 2/4
  1173 | D:2      | Reached ** piety under Lugonu
  1173 | D:2      | Reached XP level 3. HP: 28/29 MP: 5/5
  2070 | D:2      | Reached XP level 4. HP: 15/35 MP: 6/6
  2909 | D:3      | Noticed a bullfrog
  2913 | D:3      | Slain by a bullfrog

Skill      XL: |  1  2  3 |
---------------+----------+-----
Maces & Flails | 2 3 |  3.2
Invocations    | 3 |  3.8
Fighting       | |  3.6
Armour         | |  1.7
Dodging        | |  0.8

Action                   |  1- 3 |  4- 6 || total
-------------------------+-------+-------++-------
Melee: Mace              |   116 |       ||   116
       Whip              |    16 |    85 ||   101
  Use: Scroll            |     1 |     2 ||     3
 Stab: Sleeping          |     1 |       ||     1
  Eat: Chunk             |     3 |       ||     3
       Ration            |       |     1 ||     1
Armor: Leather armour    |    14 |       ||    14
       Ring mail         |    21 |    31 ||    52
Dodge: Dodged            |    65 |    48 ||   113
